 Dungeon Crawl Stone Soup version 0.19.5 (webtiles) character file.

19812 greprep the Unseen (level 12, -9/56 HPs)
             Began as a Spriggan Enchanter on May 4, 2017.
             Was a Believer of Ashenzari.
             Killed from afar by a crimson imp (14 damage)
             ... with a wand of acid
             ... on level 11 of the Dungeon.
             The game lasted 01:24:58 (18459 turns).

greprep the Unseen (Spriggan Enchanter)            Turns: 18459, Time: 01:24:59

Health: -9/56      AC: 10    Str:  8    XL:     12   Next: 39%
Magic:  28/28      EV: 21    Int: 16    God:    Ashenzari [**....]
Gold:   143        SH:  0    Dex: 18    Spells: 6 memorised, 20 levels left

rFire  . . .     SeeInvis +     A - +3 dagger (drain) (curse)
rCold  . . .     Gourm    .     g - +3 troll leather armour
rNeg   . . .     Faith    .     (shield restricted)
rPois  +         Spirit   .     (helmet restricted)
rElec  .         Reflect  .     B - +2 cloak (curse)
rCorr  .         Harm     .     (gloves unavailable)
MR     ++...                    (boots unavailable)
Stlth  +++.......               (no amulet)
                                I - ring of wizardry (curse)
                                k - ring of poison resistance (curse)

@: drained, very quick
A: unfitting armour, see invisible, herbivore 3, speed 3, slow metabolism 2
a: Curse Item, Scrying, Renounce Religion


You were on level 11 of the Dungeon.
You worshipped Ashenzari.
Ashenzari was pleased with you.
You were not hungry.

You visited 3 branches of the dungeon, and saw 14 of its levels.

You collected 1101 gold pieces.
You spent 958 gold pieces at shops.

Inventory:

Hand Weapons
 b - a +3 dagger of freezing
 A - a cursed +3 dagger of draining (weapon)
 H - a +0 antimagic dagger
 N - a +0 dagger of speed
Missiles
 j - 2 tomahawks of returning (quivered)
Armour
 g - a +3 troll leather armour (worn)
 B - a cursed +2 cloak (worn)
Jewellery
 k - a cursed ring of poison resistance (left hand)
 z - an uncursed ring of flight
 I - a cursed ring of wizardry (right hand)
 S - an uncursed ring of protection from cold
Wands
 q - a wand of digging (0/24)
 s - a wand of polymorph (6/24)
 u - a wand of flame (18/48)
 y - a wand of iceblast (9/15)
 E - a wand of lightning (7/15)
 F - a wand of polymorph (10/24)
 J - a wand of teleportation (1/9)
 L - a wand of flame (13/48)
 M - a wand of lightning (3/15)
Scrolls
 a - a scroll of noise {unknown}
 f - 5 scrolls of recharging
 o - 2 scrolls of teleportation
 p - a scroll of magic mapping {unknown}
 t - a scroll of amnesia
 w - a scroll of torment {unknown}
 D - a scroll of fog {unknown}
 G - 2 scrolls of blinking {unknown}
 Q - a scroll of enchant weapon
Potions
 e - 6 potions of curing
 h - 3 potions of cancellation
 i - a potion of berserk rage {unknown}
 l - a potion of invisibility {unknown}
 m - a potion of brilliance {unknown}
 n - a potion of resistance {unknown}
 r - 2 potions of flight
 C - 2 potions of cure mutation {unknown}
 O - 2 potions of heal wounds
 P - 2 potions of magic
Books
 c - a book of Maledictions

   Spells                             Type                      Level
   a - Corona                         Hexes                        1
   b - Ensorcelled Hibernation        Hexes/Ice                    2
   c - Confuse                        Hexes                        3
   d - Tukima's Dance                 Hexes                        3
   e - Dazzling Spray                 Conjuration/Hexes            3
 K - a book of Conjurations

   Spells                             Type                      Level
   a - Magic Dart                     Conjuration                  1
   b - Searing Ray                    Conjuration                  2
   c - Dazzling Spray                 Conjuration/Hexes            3
   d - Fulminant Prism                Conjuration/Hexes            4
   e - Iskenderun's Mystic Blast      Conjuration                  4
   f - Iskenderun's Battlesphere      Conjuration/Charms           5
Comestibles
 d - 5 bread rations
 x - 23 fruits


   Skills:
 + Level 2.5(2.1) Fighting
 + Level 6.3(8.2) Short Blades
 + Level 1.7(1.3) Armour
 + Level 6.4(6.0) Dodging
 + Level 15.9(15.3) Stealth
 + Level 11.2(10.7) Spellcasting
 * Level 5.3(6.3) Conjurations
 + Level 10.7(11.5) Hexes
 + Level 5.5(6.5) Ice Magic


You had 20 spell levels left.
You knew the following spells:

 Your Spells              Type           Power        Failure   Level  Hunger
a - Corona                Hex            #####..      1%          1    None
b - Ensorcelled Hibernat  Hex/Ice        #####.       1%          2    None
c - Confuse               Hex            #####...     1%          3    None
d - Tukima's Dance        Hex            #####...     1%          3    None
e - Magic Dart            Conj           ####         1%          1    None
f - Dazzling Spray        Conj/Hex       #####.       1%          3    None


Dungeon Overview and Level Annotations

Branches:
Dungeon (11/15)            Temple (1/1) D:4            Lair (0/6) D:10
    Orc (2/2) D:9             Elf (0/3) Orc:2

Altars:
Ashenzari
Cheibriados
Dithmenos
Elyvilon
Fedhas
Gozag
Hepliaklqana
Kikubaaqudgha
Makhleb
Nemelex Xobeh
Okawaru
Qazlal
Ru
Sif Muna
Trog
Uskayaw
Vehumet
Xom
Yredelemnul
Zin
The Shining One
Jiyva

Shops:
D:10 (*:   Orc:2 :!}%[


Innate Abilities, Weirdness & Mutations

You are very small and have problems with some larger weapons.
You are too small for most types of armour.
You have supernaturally acute eyesight. (SInv)
You are a herbivore.
You cover ground extremely quickly.
You need consume almost no food.


Message History

The crimson imp closely misses you.
You miss the crimson imp.
The crimson imp is moderately wounded.
The crimson imp spits at you.
The crimson imp hits you but does no damage.
You closely miss the crimson imp.
The crimson imp is moderately wounded.
Your unstable footing causes you to fumble your attack.
The crimson imp hits you but does no damage.
Your unstable footing causes you to fumble your attack.
The crimson imp hits you but does no damage.
The crimson imp misses you. The crimson imp barely misses you.
Things that are here:
a +0 dagger; a kobold corpse The crimson imp zaps a wand.
The bolt of acid hits you!
You are splashed with acid!
The acid burns!
* * * LOW HITPOINT WARNING * * *
The crimson imp zaps a wand.
The bolt of acid misses you.
The crimson imp zaps a wand.
The bolt of acid hits you!
You die...

#......#≈###........##.......
,
#......≈≈≈##......(.##.#+####
#...##≈≈≈≈≈#........##(#.# ,
. ..#≈≈≈≈≈≈≈....≈........####
...≈≈≈≈≈≈≈≈≈##†≈≈...........
....≈≈≈≈≈≈≈≈≈.≈≈≈≈≈..........
..$.#≈≈≈≈≈)≈.≈≈≈≈≈≈≈....(....
.#####≈≈≈≈5≈≈.≈≈≈≈≈#$#'######
, , ....≈≈≈≈≈@..)≈≈.#.#.# *
#....≈≈≈≈≈..)≈..#.#.# ≈
#...#≈≈≈≈≈..)####.#.######
#.....≈≈≈≈...'..#.#......#
##.#...≈≈≈..(##.#.######.# .
#..#.≈#.[.##.#.# *,#
.......#...##.#.### ≈
#.(...5#...##.....# ≈ ....
########...#


You could see a quasit (wandering) and a crimson imp.

Vanquished Creatures
  An ogre mage (Orc:2)
  5 orc high priests (Orc:2)
  2 hill giants (D:10)
  Pikel (D:7)
  6 orc knights (Orc:2)
  An orc sorcerer (Orc:1)
  A manticore (D:11)
  A cyclops (Orc:2)
  Joseph (D:7)
  4 trolls
  Grinder (D:6)
  3 two-headed ogres
  2 hippogriffs
  3 wyverns
  A warg (Orc:2)
  Menkaure (D:6)
  A water moccasin (D:7)
  3 sky beasts
  25 orc warriors
  2 black bears (D:9)
  9 ogres
  2 phantoms
  3 centaurs
  A crocodile (D:10)
  3 big kobolds
  Blork the orc (D:6)
  3 bullfrogs
  A wyvern skeleton (D:10)
  5 scorpions
  Dowan (D:7)
  9 wights
  7 killer bees
  An electric eel (D:11)
  2 crimson imps
  35 orc priests
  5 hounds
  5 jellies
  15 orc wizards
  Crazy Yiuf (D:3)
  4 iguanas
  Natasha (thrice) (D:2 D:3)
  2 worker ants
  Terence (D:3)
  2 hound skeletons (D:6)
  A howler monkey zombie (D:7)
  Robin (D:3)
  11 adders
  3 shadow imps
  An adder zombie (D:5)
  2 worms
  3 dart slugs
  3 leopard geckos
  93 orcs
  8 bats
  8 giant cockroaches
  16 goblins
  9 hobgoblins
  10 jackals
  17 kobolds
  2 quokkas
  3 frilled lizards
  A leopard gecko skeleton (D:4)
  A leopard gecko zombie (D:6)
  A quokka skeleton (D:9)
  4 rats
384 creatures vanquished.

Vanquished Creatures (collateral kills)
  2 orc warriors (Orc:2)
  A centaur (D:7)
  4 wights
  An orc (D:9)
8 creatures vanquished.

Vanquished Creatures (others)
  10 dancing weapons
  Duvessa (D:7)
  3 slaves (D:7)
  A necrophage (D:7)
  2 wights (D:7)
  An orc (D:7)
18 creatures vanquished.

Grand Total: 410 creatures vanquished

Notes
Turn   | Place    | Note
-------+----------+-------------------------------------------
     0 | D:1      | greprep the Spriggan Enchanter began the quest for the Orb.
     0 | D:1      | Reached XP level 1. HP: 9/9 MP: 5/5
   372 | D:1      | Reached XP level 2. HP: 10/13 MP: 6/6
   376 | D:1      | Learned a level 2 spell: Ensorcelled Hibernation
  1135 | D:2      | Reached XP level 3. HP: 16/16 MP: 1/8
  1251 | D:2      | Noticed Natasha
  1260 | D:2      | Killed Natasha
  1260 | D:2      | Reached skill level 5 in Stealth
  1326 | D:2      | Reached XP level 4. HP: 13/21 MP: 0/10
  1358 | D:2      | Reached skill level 1 in Ice Magic
  1460 | D:2      | Found a stormy altar of Qazlal.
  2149 | D:3      | Found an opulent altar of Gozag.
  2163 | D:3      | Noticed Terence
  2178 | D:3      | Noticed Natasha
  2515 | D:3      | HP: 1/21 [adder (2)]
  3008 | D:3      | Killed Natasha
  3008 | D:3      | Reached skill level 6 in Stealth
  3008 | D:3      | Reached XP level 5. HP: 13/24 MP: 0/11
  3280 | D:3      | Killed Terence
  3594 | D:3      | Found a runed door.
  3684 | D:3      | Noticed Natasha
  3687 | D:3      | Killed Natasha
  3814 | D:3      | Noticed Robin
  3828 | D:3      | Reached XP level 6. HP: 28/28 MP: 9/13
  3841 | D:3      | Killed Robin
  4385 | D:3      | Noticed Crazy Yiuf
  4389 | D:3      | Killed Crazy Yiuf
  4460 | D:4      | Found a staircase to the Ecumenical Temple.
  4477 | Temple   | Entered the Ecumenical Temple
  4613 | D:4      | Learned a level 3 spell: Confuse
  5019 | D:4      | Reached skill level 7 in Stealth
  5033 | D:4      | Reached skill level 1 in Fighting
  5207 | D:4      | Reached skill level 5 in Spellcasting
  5207 | D:4      | Reached XP level 7. HP: 15/33 MP: 5/15
  5494 | D:5      | Entered Level 5 of the Dungeon
  5501 | D:5      | Reached skill level 5 in Hexes
  5790 | D:5      | Reached skill level 8 in Stealth
  6113 | D:5      | Found a hide-covered altar of Uskayaw.
  6113 | D:5      | Found a glowing silver altar of Zin.
  6187 | D:5      | Found a shattered altar of Ashenzari.
  6376 | D:5      | Found a radiant altar of Vehumet.
  6382 | D:5      | Became a worshipper of Ashenzari the Shackled
  6665 | D:6      | Noticed a wyvern
  6670 | D:6      | Killed a wyvern
  6670 | D:6      | Reached skill level 9 in Stealth
  6670 | D:6      | Reached XP level 8. HP: 37/37 MP: 14/18
  6843 | D:6      | Noticed Grinder
  6847 | D:6      | Paralysed by Grinder for 5 turns
  6876 | D:6      | Killed Grinder
  7314 | D:6      | Noticed Menkaure
  7317 | D:6      | Noticed Blork the orc
  7328 | D:6      | Reached skill level 10 in Stealth
  7599 | D:6      | Killed Blork the orc
  7839 | D:6      | Killed Menkaure
  8065 | D:7      | Noticed Dowan
  8067 | D:7      | Noticed Duvessa
  8076 | D:7      | Killed Dowan
  8093 | D:7      | Noticed Pikel
  8394 | D:7      | Reached skill level 11 in Stealth
  8404 | D:7      | Found a shadowy altar of Dithmenos.
  8429 | D:7      | Found a white marble altar of Elyvilon.
  8581 | D:7      | Noticed Joseph
  8589 | D:7      | Killed Joseph
  8589 | D:7      | Reached XP level 9. HP: 32/41 MP: 17/21
  8712 | D:7      | Killed Pikel
  8712 | D:7      | Reached skill level 12 in Stealth
  8731 | D:7      | Killed Duvessa
  8812 | D:7      | Learned a level 3 spell: Tukima's Dance
  9103 | D:7      | Reached skill level 5 in Short Blades
  9451 | D:8      | Identified the cursed +3 flail of the Mosquito {elec, MR+}
  9504 | D:8      | Reached * piety under Ashenzari
  9556 | D:8      | Reached skill level 5 in Dodging
  9890 | D:8      | Reached skill level 13 in Stealth
 10079 | D:8      | Found an ancient bone altar of Kikubaaqudgha.
 10731 | D:9      | Reached XP level 10. HP: 46/46 MP: 17/23
 11191 | D:9      | Found a bloodstained altar of Trog.
 11198 | D:9      | Learned a level 1 spell: Magic Dart
 11240 | D:9      | Found a staircase to the Orcish Mines.
 11756 | D:9      | Reached skill level 1 in Conjurations
 11835 | D:9      | Found a viscous altar of Jiyva.
 12321 | Orc:1    | Entered Level 1 of the Orcish Mines
 12392 | Orc:2    | Entered Level 2 of the Orcish Mines
 12417 | Orc:2    | Noticed a cyclops
 12428 | Orc:2    | Killed a cyclops
 12523 | Orc:2    | Noticed an orc sorcerer
 13047 | Orc:1    | Killed an orc sorcerer
 13196 | Orc:2    | Reached ** piety under Ashenzari
 13426 | Orc:2    | Found Rabor's Book Boutique.
 13451 | Orc:2    | Found a staircase to the Elven Halls.
 13454 | Orc:2    | Reached skill level 14 in Stealth
 14285 | Orc:2    | Reached XP level 11. HP: 50/50 MP: 21/25
 14367 | Orc:2    | Noticed an orc knight
 14374 | Orc:2    | Killed an orc knight
 15136 | Orc:2    | Noticed an orc high priest
 15297 | Orc:2    | Noticed an orc knight
 15319 | Orc:2    | Killed an orc knight
 15319 | Orc:2    | Reached skill level 10 in Spellcasting
 15403 | Orc:2    | Noticed an orc knight
 15405 | Orc:2    | Noticed an orc knight
 15406 | Orc:2    | Noticed an orc high priest
 15407 | Orc:2    | Noticed an orc knight
 15407 | Orc:2    | Noticed an orc knight
 15410 | Orc:2    | Noticed an orc high priest
 15426 | Orc:2    | Noticed a soul eater
 15551 | Orc:2    | Killed an orc knight
 15557 | Orc:2    | Killed an orc high priest
 15572 | Orc:2    | Reached skill level 15 in Stealth
 15574 | Orc:2    | Killed an orc high priest
 15713 | Orc:2    | Killed an orc knight
 15780 | Orc:2    | Noticed an orc high priest
 15789 | Orc:2    | Killed an orc high priest
 15791 | Orc:2    | Reached skill level 10 in Hexes
 15808 | Orc:2    | Noticed an orc high priest
 15820 | Orc:2    | Killed an orc high priest
 15820 | Orc:2    | Reached skill level 1 in Armour
 15820 | Orc:2    | Reached skill level 5 in Ice Magic
 15849 | Orc:2    | Killed an orc knight
 16107 | Orc:2    | Killed an orc high priest
 16190 | Orc:2    | Killed an orc knight
 16200 | Orc:2    | Found Ticouxto's Gadget Emporium.
 16200 | Orc:2    | Found Cehuqeul's Distillery.
 16215 | Orc:2    | Found Utabac's Armour Emporium.
 16215 | Orc:2    | Found Hifudomnue's Food Shoppe.
 16231 | Orc:2    | Bought a potion of curing for 36 gold pieces
 16231 | Orc:2    | Bought 2 potions of heal wounds for 120 gold pieces
 16231 | Orc:2    | Bought a potion of heal wounds for 60 gold pieces
 16231 | Orc:2    | Bought a potion of curing for 36 gold pieces
 16231 | Orc:2    | Bought a potion of curing for 36 gold pieces
 16231 | Orc:2    | Bought 2 potions of magic for 192 gold pieces
 16303 | Orc:2    | Noticed an ogre mage
 16418 | Orc:1    | Reached XP level 12. HP: 30/55 MP: 4/27
 16852 | Orc:2    | Killed an ogre mage
 17063 | Orc:2    | Learned a level 3 spell: Dazzling Spray
 17147 | D:10     | Entered Level 10 of the Dungeon
 17148 | D:10     | Found Xeixto Kaup's Book Shoppe.
 17197 | D:10     | Found a staircase to the Lair.
 17232 | D:10     | Reached skill level 5 in Conjurations
 17246 | D:10     | Found Widok's Assorted Antiques.
 17261 | D:10     | Bought a scroll of enchant weapon for 217 gold pieces
 17261 | D:10     | Bought a scroll of identify for 58 gold pieces
 17261 | D:10     | Bought a runed brass ring for 145 gold pieces
 17261 | D:10     | Bought a scroll of identify for 58 gold pieces
 17302 | D:10     | Found Xuyth's Antique Weapon Boutique.
 18459 | D:11     | Killed from afar by a crimson imp

Skill      XL: |  1  2  3  4  5  6  7  8  9 10 11 12 |
---------------+-------------------------------------+-----
Spellcasting   | 3 4 5 6 7 8 9 10 11 | 11.2
Hexes          | 4 5 6 7 8 10 | 10.7
Stealth        | 5 6 7 9 11 13 14 15 | 15.9
Ice Magic      | 1 2 3 4 5 |  5.5
Dodging        | 4 5 6 |  6.4
Short Blades   | 2 3 4 5 6 |  6.3
Fighting       | 1 2 |  2.5
Conjurations   | 3 4 5 |  5.3
Armour         | 1 |  1.7

Action                   |  1- 3 |  4- 6 |  7- 9 | 10-12 || total
-------------------------+-------+-------+-------+-------++-------
Melee: Dagger            |    72 |   207 |   273 |   492 ||  1044
 Cast: Ensorcelled Hiber |    18 |    58 |    79 |   238 ||   393
       Confuse           |       |     9 |    13 |     4 ||    26
       Tukima's Dance    |       |       |     9 |    39 ||    48
       Magic Dart        |       |       |       |    36 ||    36
       Dazzling Spray    |       |       |       |    19 ||    19
Invok: Curse Item        |       |       |     3 |     2 ||     5
Evoke: Wand              |       |       |       |     1 ||     1
  Use: Scroll            |     2 |     8 |     4 |     9 ||    23
       Potion            |       |     2 |     2 |     3 ||     7
 Stab: Sleeping          |    17 |    43 |    56 |   130 ||   246
       Confused          |       |     2 |     6 |       ||     8
       Distracted        |       |       |     3 |     4 ||     7
  Eat: Bread ration      |       |     1 |     1 |     1 ||     3
       Pizza             |       |     1 |       |     2 ||     3
       Fruit             |       |       |       |     1 ||     1
Armor: Robe              |     9 |    31 |    24 |    18 ||    82
       Troll leather arm |       |       |       |    58 ||    58
Dodge: Dodged            |    57 |   195 |   179 |   381 ||   812
